Map: Cyber Forest LE

Players

Smeeeger - Winner!

  • Race: Protoss Protoss
  • League: Platinum
  • Spawn Location: 11:00

VOD

Have the link to the VOD?

Description

Time

  • Played on: July 24, 2019, 5:42 p.m.
  • Length: 3:13
Show
View Real Time Build Order
Export as new Build Order

Smeeeger Protoss - Winner!

Build Orders: 1 Gate Expand 

Get SALT Encoding   

  12  0:02  Probe  
  12  0:17  Pylon  
  12  0:19  Probe  
  12  0:31  Probe  
  12  0:41  Gateway, Probe  
  12  0:49  Probe  
  12  0:57  Probe  
  12  1:09  Probe  
  12  1:21  Nexus  
  12  1:31  Probe  
  12  1:34  Cybernetics Core  
  12  1:43  Probe  
  12  1:53  Assimilator  
  12  1:55  Pylon  
  12  1:56  Probe  
  12  2:08  Probe  
  12  2:20  Probe  
  12  2:34  Pylon  
  12  2:45  Probe x2  
  12  2:53  Probe x2  
  12  3:04  Gateway  
  12  3:07  Gateway  
  12  3:09  Robotics Facility  
Tags
 
Add a new tag
Caveats
  • Supply blocks, unpowered buildings, or Contaminate may cause inaccurate times.
  • Supply counts are checked every 10 seconds.